 Dungeon Crawl Stone Soup version 0.21.1-1-g345015f (webtiles) character file.

347 cultivahabas the Ruffian (level 6, 0/62 HPs)
             Began as a Troll Monk on May 16, 2018.
             Was a Believer of Nemelex Xobeh.
             Succumbed to a scorpion's poison
             ... on level 5 of the Dungeon.
             The game lasted 00:08:00 (2852 turns).

cultivahabas the Ruffian (Troll Monk)               Turns: 2852, Time: 00:08:01

Health: 0/62       AC:  5    Str: 20    XL:     6   Next: 32%
Magic:  5/5        EV: 10    Int:  6    God:    Nemelex Xobeh [**....]
Gold:   153        SH:  0    Dex: 14    Spells: 5/5 levels left

rFire    . . .     SeeInvis .     - Unarmed
rCold    . . .     Gourm    +   (no shield)
rNeg     . . .     Faith    .   a - +0 robe
rPois    .         Spirit   .   (helmet restricted)
rElec    .         Reflect  .   (no cloak)
rCorr    .         Harm     .   (gloves unavailable)
MR       .....                  (boots unavailable)
Stlth    ++........             (no amulet)
HPRegen  0.60/turn              (no ring)
MPRegen  0.09/turn              (no ring)

@: lethally poisoned (0 -> 0)
A: large, unfitting armour, claws 3, fast metabolism 3, gourmand, regeneration
1, shaggy fur 1, tough skin 2
a: Renounce Religion


You were on level 5 of the Dungeon.
You worshipped Nemelex Xobeh.
Nemelex Xobeh was pleased with you.
You were very full.

You visited 2 branches of the dungeon, and saw 6 of its levels.

You collected 153 gold pieces.

Inventory:

Armour
 a - a +0 robe (worn)
Jewellery
 g - an uncursed ring of protection from cold {unknown}
 k - an uncursed ring of poison resistance {unknown}
 n - an uncursed ring of protection from cold {unknown}
Scrolls
 h - a scroll of immolation {unknown}
 l - a scroll of enchant armour {unknown}
 m - 3 scrolls of identify {unknown}
 o - 2 scrolls of teleportation {unknown}
 p - a scroll of enchant weapon {unknown}
 q - a scroll of noise {unknown}
 t - a scroll of fear {unknown}
 u - a scroll of remove curse {unknown}
Potions
 c - 2 potions of degeneration {unknown}
 d - a potion of curing {unknown}
 e - a potion of mutation {unknown}
 f - 2 potions of brilliance {unknown}
 i - a potion of lignification {unknown}
 j - 2 potions of haste
Miscellaneous
 r - a plain deck of summoning
 s - an ornate deck of summoning
Comestibles
 b - 7 rations


   Skills:
 + Level 3.9 Fighting
 - Level 2.4 Dodging
 - Level 1.0 Stealth
 * Level 6.1 Unarmed Combat


You had 5 spell levels left.
You didn't know any spells.

Dungeon Overview and Level Annotations

Branches:
Dungeon (5/15)             Temple (1/1) D:4

Altars:
Cheibriados
Dithmenos
Elyvilon
Gozag
Hepliaklqana
Kikubaaqudgha
Makhleb
Nemelex Xobeh
Okawaru
Qazlal
Ru
Trog
Vehumet
Wu Jian
Xom
Yredelemnul
Zin


Innate Abilities, Weirdness & Mutations

You are too large for most types of armour.
You have claws for hands.
Your metabolism is lightning-fast.
You like to eat raw meat.
Your natural rate of healing is unusually fast.
You are covered in fur. (AC +1)
You have very tough skin. (AC +2)


Message History

The scorpion is almost dead.
The scorpion stings you!
* * * LOW HITPOINT WARNING * * *
The jelly hits you but does no damage.
You closely miss the scorpion.
The scorpion is almost dead.
The hound barks!
You hear a shout!
The scorpion stings you.
* * * LOW HITPOINT WARNING * * *
You are poisoned.
The scorpion poisons you! The jelly barely misses you.
You claw the scorpion!
You kill the scorpion!
Your Unarmed Combat skill increases to level 6!
You feel sick. The jelly hits you.
* * * LOW HITPOINT WARNING * * *
You are splashed with acid!
The acid burns!
* * * LOW HITPOINT WARNING * * *
You die...
Your body disappears without a glow.

#####
#...#####
#@....h..
#.J.#####
##.## .#
.# <. .#
##


You could see a hound and a jelly.

Vanquished Creatures
  2 scorpions
  2 hounds (D:4)
  2 worker ants (D:4)
  A hound skeleton (D:4)
  A gnoll (D:4)
  5 adders
  An ooze (D:3)
  2 worms
  5 leopard geckos
  3 orcs (D:3)
  4 giant cockroaches
  8 goblins
  6 hobgoblins
  2 jackals (D:1)
  A ball python (D:3)
  5 bats
  2 frilled lizards (D:1)
  4 kobolds
  14 rats
70 creatures vanquished.

Notes
Turn   | Place    | Note
-------+----------+-------------------------------------------
     0 | D:1      | cultivahabas the Troll Monk began the quest for the Orb.
     0 | D:1      | Reached XP level 1. HP: 22/22 MP: 0/0
   327 | D:1      | Reached XP level 2. HP: 26/29 MP: 1/1
   570 | D:1      | You fall through a shaft!
   606 | D:2      | Reached XP level 3. HP: 36/36 MP: 2/2
   622 | D:2      | Reached skill level 4 in Unarmed Combat
  1131 | D:2      | Found an ornate altar of the Wu Jian Council.
  1754 | D:3      | Reached XP level 4. HP: 45/45 MP: 3/3
  2425 | D:4      | Found a staircase to the Ecumenical Temple.
  2439 | Temple   | Entered the Ecumenical Temple
  2445 | Temple   | Became a worshipper of Nemelex Xobeh the Trickster
  2445 | Temple   | Received a gift from Nemelex Xobeh
  2445 | Temple   | Reached * piety under Nemelex Xobeh
  2445 | Temple   | Reached ** piety under Nemelex Xobeh
  2505 | D:4      | Received a gift from Nemelex Xobeh
  2512 | D:4      | Reached skill level 5 in Unarmed Combat
  2512 | D:4      | Reached XP level 5. HP: 53/53 MP: 4/4
  2816 | D:4      | Reached XP level 6. HP: 7/62 MP: 5/5
  2843 | D:5      | Entered Level 5 of the Dungeon
  2851 | D:5      | Reached skill level 6 in Unarmed Combat
  2851 | D:5      | HP: 1/62 [acid (7)]
  2852 | D:5      | Succumbed to a scorpion's poison

Skill      XL: |  1  2  3  4  5  6 |
---------------+-------------------+-----
Unarmed Combat | 4 5 6 |  6.1
Fighting       | 3 |  3.9
Dodging        | |  2.4
Stealth        | |  1.0

Action                   |  1- 3 |  4- 6 || total
-------------------------+-------+-------++-------
Melee: Unarmed           |   105 |    94 ||   199
       Punch             |     1 |       ||     1
 Stab: Sleeping          |     4 |     2 ||     6
  Eat: Chunk             |    21 |    10 ||    31
Armor: Robe              |    40 |    21 ||    61
Dodge: Dodged            |    46 |    38 ||    84
